[Event "Titled Tuesday Blitz March 22 Late 2022"]
[White "Hambleton, Aman"]
[Black "Chigaev, Maksim"]
[WhiteFideId "2606577"]
[BlackFideId "4108116"]
[WhiteElo "2552"]
[BlackElo "2502"]
[Result "0-1"]
[Round "05"]
[TimeControl "180+1"]
[Date "2022.03.22"]
[WhiteClock "0:00:02"]
[BlackClock "0:00:12"]

1. d4 Nf6 2. Bf4 d6 3. e3 g6 4. h3 Bg7 5. Nf3 O-O 6. c3 c5 7. dxc5 dxc5 8. Qxd8 Rxd8 9. Nbd2 Nc6 10. Bc7 Rd7 11. Bh2 Rd8 12. e4 b6 13. O-O-O Bb7 14. Bb5 Rac8 15. Rhe1 Bh6 16. g4 Bg7 17. e5 Nd5 18. Ne4 Nc7 19. Rxd8+ Rxd8 20. Ba4 Na5 21. Bc2 Ne6 22. Bg3 Bh6+ 23. g5 Bxe4 24. Bxe4 Nxg5 25. Nxg5 Bxg5+ 26. f4 Bh6 27. Kc2 Nc4 28. Re2 e6 29. h4 b5 30. a4 bxa4 31. Bc6 Rb8 32. Kc1 a3 33. bxa3 Nxa3 34. Ra2 Nc4 35. Rxa7 Nxe5 36. Be4 Ng4 37. Kc2 Ne3+ 38. Kd3 Ng4 39. Bf3 Rd8+ 40. Kc4 Ne3+ 41. Kxc5 Rc8+ 42. Kd4 Nf5+ 43. Kd3 Nxg3 44. c4 Bxf4 0-1


[Site "https://www.chess.com"]

[Event "Titled Tuesday Blitz March 22 Late 2022"]
[White "Hartikainen, Jarmo"]
[Black "Janturin, Artur"]
[WhiteFideId "503134"]
[BlackFideId "4130022"]
[WhiteElo "2105"]
[BlackElo "2344"]
[Result "0-1"]
[Round "05"]
[TimeControl "180+1"]
[Date "2022.03.22"]
[WhiteClock "0:00:07"]
[BlackClock "0:00:14"]

1. e4 a6 2. d4 b5 3. Nf3 Bb7 4. Bd3 Nf6 5. Qe2 e6 6. h3 c5 7. c3 Be7 8. Bf4 Nc6 9. Nbd2 Rc8 10. O-O cxd4 11. cxd4 Nb4 12. a3 Nxd3 13. Qxd3 O-O 14. Rac1 Qb6 15. Rfe1 d6 16. Bg5 h6 17. Bh4 Rfe8 18. Rc2 Rxc2 19. Qxc2 Rc8 20. Qd3 Qc7 21. e5 Ne8 22. Bxe7 Qxe7 23. Ne4 Bxe4 24. Qxe4 Qc7 25. Re2 Qc6 26. Qxc6 Rxc6 27. exd6 Nxd6 28. Ne5 Rc1+ 29. Kh2 Nc4 30. Nd3 Rd1 31. Nb4 a5 32. Nc6 a4 33. Ne5 Nd2 34. g4 Kf8 35. Kg2 Ke7 36. Re3 Rb1 37. Nd3 Nc4 38. Rf3 f6 39. h4 Kd6 40. g5 Nxb2 41. Nxb2 Rxb2 42. gxf6 gxf6 43. Rxf6 Rb3 44. Rxh6 Rxa3 45. h5 Rd3 46. Rh8 Rxd4 47. h6 Rh4 48. Rb8 b4 49. h7 Rxh7 50. Rxb4 Ra7 51. Rb2 a3 52. Ra2 Kd5 53. Kf3 Kc4 54. Ke4 Kb3 55. Ra1 Kb2 56. Re1 a2 57. f4 a1=Q 58. Rxa1 Rxa1 59. Ke5 Ra6 60. f5 exf5 61. Kxf5 Kc3 62. Ke5 Kc4 63. Ke4 Re6+ 64. Kf5 Kd5 65. Kf4 Re8 66. Kf5 Rf8+ 67. Kg6 Ke6 68. Kg7 Rf1 69. Kg6 Rg1+ 70. Kh5 Kf5 71. Kh4 Rg8 72. Kh3 Kf4 73. Kh2 Kf3 74. Kh1 Kf2 75. Kh2 Rh8# 0-1


[Site "https://www.chess.com"]

[Event "Titled Tuesday Blitz March 22 Late 2022"]
[White "Horak, Martin"]
[Black "Rostovtsev, Dmitry"]
[WhiteFideId "367095"]
[BlackFideId "34278320"]
[WhiteElo "1997"]
[BlackElo "2359"]
[Result "0-1"]
[Round "05"]
[TimeControl "180+1"]
[Date "2022.03.22"]
[WhiteClock "0:00:18"]
[BlackClock "0:01:37"]

1. d4 Nf6 2. Nf3 g6 3. c4 Bg7 4. e3 O-O 5. Be2 d6 6. Nc3 Nc6 7. d5 Na5 8. b4 Nxd5 9. Nxd5 Bxa1 10. bxa5 c6 11. Nf4 Qxa5+ 12. Bd2 Bc3 13. O-O Bxd2 14. Qxd2 Qxd2 15. Nxd2 Kg7 16. Rb1 Rb8 17. Bf3 Bf5 18. Rb2 e5 19. Ne2 Rfd8 20. e4 Be6 21. Nc3 Rdc8 22. Kf1 b5 23. cxb5 cxb5 24. Nd5 Rc1+ 25. Ke2 Bxd5 26. exd5 f5 27. Nb3 Rc3 28. Kd2 b4 29. Be2 Rb6 30. Na5 Rc5 31. Nc4 Rxd5+ 32. Kc2 Rb8 33. Kb3 Rd4 34. Na5 Rc8 35. Bc4 d5 36. Bb5 Rc3+ 37. Ka4 Ra3# 0-1


[Site "https://www.chess.com"]

[Event "Titled Tuesday Blitz March 22 Late 2022"]
[White "Horcajuelo Rocamora, Martin"]
[Black "Borodavkin, Anatoly"]
[WhiteFideId "24573027"]
[BlackFideId "14150662"]
[WhiteElo "1706"]
[BlackElo "1845"]
[Result "1-0"]
[Round "05"]
[TimeControl "180+1"]
[Date "2022.03.22"]
[WhiteClock "0:00:23"]
[BlackClock "0:00:14"]

1. e4 e5 2. Nf3 Nf6 3. Nxe5 d6 4. Nf3 Nxe4 5. Nc3 Nxc3 6. dxc3 Be7 7. Be3 Nc6 8. Qd2 Be6 9. O-O-O Qd7 10. Kb1 a6 11. h3 O-O-O 12. g4 f5 13. g5 Rhf8 14. Nd4 Nxd4 15. Qxd4 c5 16. Qxg7 Rf7 17. Qh6 Bf8 18. Qh5 f4 19. Bc1 Bg7 20. Bg2 Qa4 21. b3 Qa5 22. Qe2 Re7 23. Bb2 Bxc3 24. Bxc3 Bxb3 25. Bxa5 Bxa2+ 26. Kxa2 Rxe2 27. Bxd8 Rxc2+ 28. Kb3 Rxf2 29. Rxd6 Rxg2 30. Bb6 Rg3+ 31. Kc4 1-0


[Site "https://www.chess.com"]

[Event "Titled Tuesday Blitz March 22 Late 2022"]
[White "Janaszak, Dawid"]
[Black "Sapunov, Evgeny"]
[WhiteFideId "1119206"]
[BlackFideId "4126661"]
[WhiteElo "2199"]
[BlackElo "2470"]
[Result "1-0"]
[Round "05"]
[TimeControl "180+1"]
[Date "2022.03.22"]
[WhiteClock "0:00:35"]
[BlackClock "0:00:05"]

1. e4 c5 2. Nc3 Nc6 3. Bb5 Nd4 4. Nf3 Nxb5 5. Nxb5 d6 6. d4 a6 7. Nc3 cxd4 8. Qxd4 e5 9. Qb4 h6 10. Be3 Nf6 11. Bb6 Qe7 12. O-O-O Bd7 13. a4 Bc6 14. Rhe1 Qe6 15. Nd2 d5 16. exd5 Nxd5 17. Nxd5 Bxb4 18. Nc7+ Ke7 19. Nxe6 Kxe6 20. c3 Be7 21. Nc4 f6 22. a5 Rac8 23. Ne3 h5 24. h4 g6 25. f4 Bd6 26. g3 Rh7 27. f5+ gxf5 28. Nxf5 Kxf5 29. Rxd6 Rf7 30. Rf1+ Kg6 31. Bd8 1-0


[Site "https://www.chess.com"]

[Event "Titled Tuesday Blitz March 22 Late 2022"]
[White "Jaracz, Pawel"]
[Black "Debray, Christopher"]
[WhiteFideId "1102222"]
[BlackFideId "630810"]
[WhiteElo "2429"]
[BlackElo "2393"]
[Result "1/2-1/2"]
[Round "05"]
[TimeControl "180+1"]
[Date "2022.03.22"]
[WhiteClock "0:00:32"]
[BlackClock "0:00:24"]

1. d4 d5 2. c4 e6 3. Nc3 Nf6 4. cxd5 exd5 5. Bg5 Be7 6. e3 O-O 7. Qc2 c6 8. Bd3 h6 9. Bf4 Nbd7 10. h3 Re8 11. Nf3 Nf8 12. g4 Bb4 13. O-O-O Bxc3 14. Qxc3 Ne4 15. Qc2 Qa5 16. Kb1 Be6 17. Rhg1 Rac8 18. Nd2 c5 19. Nb3 Qb6 20. Bxe4 cxd4 21. Qd2 dxe4 22. Nxd4 Bc4 23. Rc1 Ne6 24. Be5 f6 25. Bg3 Nxd4 26. exd4 Bd3+ 27. Ka1 Qxd4 28. Bf4 Qd7 29. Qb4 Rxc1+ 30. Rxc1 Rc8 31. Rxc8+ Qxc8 32. Qd2 Qc2 33. Qxc2 Bxc2 34. h4 Kf7 35. b3 Bd1 36. g5 hxg5 37. hxg5 fxg5 38. Bxg5 g6 39. Kb2 Ke6 40. Kc3 Kf5 41. Be3 a6 42. Kd2 Bg4 43. Bb6 Ke5 44. Ke3 Bf5 45. b4 Kd5 46. a4 Kc4 47. a5 Kxb4 48. Ke2 Kc4 49. Ke3 Kd5 50. Kf4 Kc4 51. Ke3 Kd5 52. Kf4 Kc4 53. Ke3 1/2-1/2


[Site "https://www.chess.com"]

[Event "Titled Tuesday Blitz March 22 Late 2022"]
[White "Jeet, Jain"]
[Black "Atzl, Florian"]
[WhiteFideId "5073022"]
[BlackFideId "1635891"]
[WhiteElo "2085"]
[BlackElo "2085"]
[Result "1-0"]
[Round "05"]
[TimeControl "180+1"]
[Date "2022.03.22"]
[WhiteClock "0:00:08"]
[BlackClock "0:00:02"]

1. d4 c5 2. dxc5 e6 3. Nf3 Bxc5 4. e4 Nf6 5. Bd3 O-O 6. O-O Nc6 7. e5 Ng4 8. Qe2 Qc7 9. Bf4 f6 10. Bg3 Ngxe5 11. Nc3 d6 12. Ne4 Bb6 13. Rad1 Nxf3+ 14. Qxf3 Ne5 15. Qh5 f5 16. Ng5 h6 17. Nh3 Qf7 18. Qe2 Bc7 19. Bb5 Bd7 20. Nf4 Bxb5 21. Qxb5 Rab8 22. Rfe1 g5 23. Ne2 f4 24. Bxf4 gxf4 25. f3 Qg6 26. Kh1 Bb6 27. Rxd6 Nf7 28. Rd7 Rfd8 29. Nxf4 Qg5 30. Rxd8+ Rxd8 31. Qa4 Qg7 32. Nxe6 Qf6 33. Nxd8 Nxd8 34. Qe8+ Kg7 35. Qe4 Nf7 36. Qxb7 Qg6 37. Qe4 Qxe4 38. Rxe4 Nd6 39. Re6 Nc4 40. b3 Na3 41. c4 Nc2 42. Rc6 Nd4 43. Rc8 Ne2 44. c5 Ba5 45. a3 1-0


[Site "https://www.chess.com"]

[Event "Titled Tuesday Blitz March 22 Late 2022"]
[White "Jobava, Baadur"]
[Black "Bashirli, Nail"]
[WhiteFideId "13601520"]
[BlackFideId "13406809"]
[WhiteElo "2617"]
[BlackElo "2333"]
[Result "1-0"]
[Round "05"]
[TimeControl "180+1"]
[Date "2022.03.22"]
[WhiteClock "0:01:27"]
[BlackClock "0:00:33"]

1. b3 d5 2. Bb2 c5 3. e3 a6 4. Nf3 Nc6 5. d4 cxd4 6. Nxd4 Nf6 7. Be2 g6 8. Nxc6 bxc6 9. Bxf6 exf6 10. O-O Bg7 11. Nd2 O-O 12. c4 f5 13. cxd5 Bxa1 14. Qxa1 Qxd5 15. Nc4 Rb8 16. Rd1 Qc5 17. h4 Be6 18. h5 Bxc4 19. h6 f6 20. Bxc4+ Kh8 21. Bxa6 f4 22. exf4 Qh5 23. Bc4 Qxh6 24. g3 Qg7 25. a4 Rbd8 26. a5 f5 27. a6 c5 28. Kg2 Rd4 29. Re1 Qf6 30. Re6 Qd8 31. Qe1 Qa8+ 32. Kh2 Re4 33. Rxe4 Qxe4 34. Qxe4 fxe4 35. Bd5 1-0


[Site "https://www.chess.com"]

[Event "Titled Tuesday Blitz March 22 Late 2022"]
[White "Jones, Gawain C B"]
[Black "Yoo, Christopher Woojin"]
[WhiteFideId "409561"]
[BlackFideId "30909694"]
[WhiteElo "2657"]
[BlackElo "2105"]
[Result "0-1"]
[Round "05"]
[TimeControl "180+1"]
[Date "2022.03.22"]
[WhiteClock "0:00:05"]
[BlackClock "0:00:04"]

1. Nf3 Nf6 2. g3 d5 3. Bg2 e6 4. O-O Be7 5. c4 O-O 6. b3 b6 7. Bb2 Bb7 8. e3 Nbd7 9. Nc3 c5 10. d4 dxc4 11. bxc4 cxd4 12. exd4 Rc8 13. d5 exd5 14. cxd5 Bb4 15. Qd4 Bxc3 16. Bxc3 Bxd5 17. Rfd1 Rc4 18. Qd3 Qc7 19. Bb2 Be4 20. Qe3 Re8 21. Re1 Rc2 22. Bxf6 Nxf6 23. Ng5 Bc6 24. Qd3 Rc5 25. Rxe8+ Bxe8 26. Ne4 Rc1+ 27. Rxc1 Qxc1+ 28. Bf1 Nxe4 29. Qxe4 Qc6 30. Qe5 Qe6 31. Qb8 Qd7 32. h4 h5 33. Bh3 Qe7 34. Bg2 Kh7 35. Qf4 g6 36. Kh2 Kg7 37. Qb8 Bb5 38. Bf3 Bc4 39. a4 Qf6 40. Kg2 a6 41. Qc8 b5 42. a5 Be6 43. Qc6 Bf5 44. Qc5 Bd3 45. Bd5 Qe5 46. Qc6 b4 47. Qd7 Qf6 48. Bb3 Bb5 49. Qd5 Bc6 50. Kf1 Bxd5 51. Bxd5 Qa1+ 52. Ke2 Qxa5 53. Kd3 Qxd5+ 54. Kc2 Qc4+ 0-1


[Site "https://www.chess.com"]

[Event "Titled Tuesday Blitz March 22 Late 2022"]
[White "Kaasen, Tor Fredrik"]
[Black "Indjic, Aleksandar"]
[WhiteFideId "1516647"]
[BlackFideId "911925"]
[WhiteElo "2335"]
[BlackElo "2616"]
[Result "0-1"]
[Round "05"]
[TimeControl "180+1"]
[Date "2022.03.22"]
[WhiteClock "0:00:20"]
[BlackClock "0:01:42"]

1. d4 Nf6 2. c4 c5 3. d5 e6 4. Nc3 exd5 5. cxd5 d6 6. g3 g6 7. Bg2 Bg7 8. Nf3 O-O 9. O-O Re8 10. Bf4 Na6 11. Re1 Bg4 12. Nd2 Nh5 13. Be3 Rxe3 14. fxe3 Nc7 15. Qb3 b5 16. Nxb5 Rb8 17. Qc4 Rxb5 18. Qxg4 Rxb2 19. Nc4 Rb4 20. Rab1 f5 21. Rxb4 fxg4 22. Rb7 Nf6 23. Reb1 Nfe8 24. Rxa7 Qf6 25. Rb8 Bf8 26. h3 Qc3 27. Ra4 Qc2 28. Rb3 Qxe2 29. hxg4 Nf6 30. Rb2 Qe1+ 31. Bf1 Ncxd5 32. Rf2 Nxg4 33. Rf3 Qd1 0-1


[Site "https://www.chess.com"]

[Event "Titled Tuesday Blitz March 22 Late 2022"]
[White "Karas, Marek"]
[Black "Lazavik, Denis"]
[WhiteFideId "14928558"]
[BlackFideId "13515110"]
[WhiteElo "2271"]
[BlackElo "2437"]
[Result "0-1"]
[Round "05"]
[TimeControl "180+1"]
[Date "2022.03.22"]
[WhiteClock "0:00:02"]
[BlackClock "0:00:49"]

1. d4 f5 2. Qd3 Nc6 3. Nf3 e6 4. e4 Nb4 5. Qe2 fxe4 6. Qxe4 Nf6 7. Qe2 b6 8. a3 Ba6 9. c4 Nc6 10. Nc3 Be7 11. Be3 O-O 12. Qd1 Na5 13. Nd2 d5 14. cxd5 Bxf1 15. Nxf1 Nxd5 16. Ng3 Nxe3 17. fxe3 Bh4 18. Qg4 Qg5 19. Qxg5 Bxg5 20. Ke2 Nc4 21. Nd1 e5 22. d5 Rad8 23. Ne4 Bh6 24. b3 Na5 25. b4 Nc4 26. Rc1 b5 27. a4 a6 28. Nec3 c6 29. axb5 cxb5 30. Ra1 a5 31. Nxb5 axb4 32. e4 Rf4 33. Nf2 Rdf8 34. Rhf1 Ne3 35. Nd3 Rxf1 36. Rxf1 Nxf1 37. Nxe5 Nxh2 38. Nc6 b3 0-1


[Site "https://www.chess.com"]

[Event "Titled Tuesday Blitz March 22 Late 2022"]
[White "Karttunen, Mika"]
[Black "Rustemov, Alexander"]
[WhiteFideId "502081"]
[BlackFideId "4119002"]
[WhiteElo "2343"]
[BlackElo "2794"]
[Result "0-1"]
[Round "05"]
[TimeControl "180+1"]
[Date "2022.03.22"]
[WhiteClock "0:00:53"]
[BlackClock "0:01:41"]

1. e4 e6 2. d4 d5 3. Nc3 Bb4 4. e5 c5 5. a3 Bxc3+ 6. bxc3 Ne7 7. h4 Qc7 8. h5 cxd4 9. cxd4 Qc3+ 10. Bd2 Qxd4 11. Nf3 Qe4+ 12. Be3 Nf5 13. Qd2 Nxe3 14. fxe3 Qa4 15. Rh4 Qd7 16. h6 g6 17. Rb1 O-O 18. e4 Qe7 19. Qb4 Qc7 20. Bd3 Nc6 21. Qd6 Qa5+ 0-1


[Site "https://www.chess.com"]

[Event "Titled Tuesday Blitz March 22 Late 2022"]
[White "Khanin, Semen"]
[Black "Riehle, Marco"]
[WhiteFideId "4111990"]
[BlackFideId "12904392"]
[WhiteElo "2442"]
[BlackElo "2462"]
[Result "0-1"]
[Round "05"]
[TimeControl "180+1"]
[Date "2022.03.22"]
[WhiteClock "0:00:04"]
[BlackClock "0:01:11"]

1. e4 e5 2. Nf3 Nf6 3. Nxe5 Nxe4 4. Qe2 Qe7 5. Qxe4 d6 6. d4 dxe5 7. dxe5 Nc6 8. Nc3 Qxe5 9. Qxe5+ Nxe5 10. Bf4 f6 11. O-O-O Bd7 12. Nb5 O-O-O 13. Nxa7+ Kb8 14. Nb5 Bc5 15. Bg3 g5 16. Nc3 Bc6 17. Rxd8+ Rxd8 18. h4 g4 19. Rg1 h5 20. Bb5 Bxb5 21. Nxb5 Kc8 22. Re1 c6 23. Nc3 Ng6 24. Re6 Rf8 25. Ne4 Be7 26. Bd6 Bxd6 27. Rxd6 f5 28. Nc5 Nxh4 29. g3 Nf3 30. Rh6 h4 31. gxh4 f4 32. Rg6 Ne5 33. Rg5 g3 34. fxg3 f3 35. Ne4 Nc4 36. Nf2 Re8 37. Kd1 Nxb2+ 38. Kd2 Re2+ 39. Kc3 Na4+ 40. Kb3 b5 41. Nd3 Re3 42. Rf5 c5 43. h5 c4+ 44. Kb4 cxd3 45. cxd3 Nb2 46. h6 Nxd3+ 47. Kxb5 Re5+ 48. Rxe5 Nxe5 49. h7 Ng6 0-1


[Site "https://www.chess.com"]

[Event "Titled Tuesday Blitz March 22 Late 2022"]
[White "Kohler, Aran"]
[Black "Papp, Petra"]
[WhiteFideId "1002856"]
[BlackFideId "739049"]
[WhiteElo "2279"]
[BlackElo "2259"]
[Result "1-0"]
[Round "05"]
[TimeControl "180+1"]
[Date "2022.03.22"]
[WhiteClock "0:00:20"]
[BlackClock "0:00:08"]

1. e4 d6 2. d4 Nf6 3. Nc3 e5 4. Nf3 Nbd7 5. g4 h6 6. Rg1 c6 7. Bc4 b5 8. Bb3 b4 9. dxe5 bxc3 10. exf6 Qxf6 11. bxc3 g5 12. Nd4 Ne5 13. Nf5 Bxf5 14. exf5 Bg7 15. Bb2 O-O 16. Rg3 d5 17. Ba3 Rfe8 18. Kf1 Nc4 19. Bc5 Re4 20. Bd4 Qe7 21. Bxc4 dxc4 22. Kg2 Re8 23. Bxg7 Kxg7 24. Qf3 Qe5 25. Rd1 Rf4 26. Qxc6 Rxf2+ 27. Kh3 Qe2 28. Rh1 Rf1 29. Rxf1 Qxf1+ 30. Qg2 Re2 31. Qxf1 Rxc2 32. Qxc4 Rd2 33. Re3 Rd7 34. Re5 Rb7 35. Rc5 Rb2 36. Rc7 Rf2 37. Qxf7+ 1-0


[Site "https://www.chess.com"]

[Event "Titled Tuesday Blitz March 22 Late 2022"]
[White "Kokoszczynski, Jan"]
[Black "Rabineau, Clement"]
[WhiteFideId "1174460"]
[BlackFideId "628891"]
[WhiteElo "2163"]
[BlackElo "2237"]
[Result "1/2-1/2"]
[Round "05"]
[TimeControl "180+1"]
[Date "2022.03.22"]
[WhiteClock "0:00:06"]
[BlackClock "0:00:07"]

1. e4 d6 2. d4 g6 3. Nc3 Bg7 4. Be3 a6 5. Bd3 Nd7 6. Qd2 b5 7. Nce2 Bb7 8. Ng3 c5 9. c3 Ngf6 10. Bh6 O-O 11. Nf3 e5 12. d5 c4 13. Bc2 Nc5 14. h4 Bxh6 15. Qxh6 Ng4 16. Qd2 h5 17. a4 Rc8 18. axb5 axb5 19. Nh2 Qxh4 20. Nxg4 Qxg4 21. Qh6 Nd3+ 22. Bxd3 cxd3 23. Qe3 Ra8 24. O-O h4 25. Nh1 h3 26. Qxh3 Qe2 27. Ng3 Bc8 28. Nxe2 Bxh3 29. Rxa8 Rxa8 30. gxh3 dxe2 31. Re1 Rc8 32. Rxe2 Rc4 33. f3 f5 34. Kg2 Kf7 35. Kg3 Kf6 36. h4 b4 37. cxb4 Rxb4 38. exf5 gxf5 39. Rc2 Rb3 40. Rc6 Ke7 41. Rc7+ Ke8 42. h5 e4 43. Kf4 Rxf3+ 44. Kg5 e3 45. Kf6 Kd8 46. Re7 f4 47. h6 Rh3 48. h7 Rh6+ 49. Kg7 Kxe7 50. Kxh6 e2 51. h8=Q e1=Q 52. Qg7+ Kd8 53. Qf6+ Kd7 54. Qxf4 Qe5 55. Qxe5 dxe5 56. Kg5 Kd6 57. Kg4 Kxd5 58. Kf3 Kc4 59. Ke4 Kb3 60. Kxe5 Kxb2 1/2-1/2


[Site "https://www.chess.com"]

[Event "Titled Tuesday Blitz March 22 Late 2022"]
[White "Kosteniuk, Alexandra"]
[Black "Arabidze, Meri"]
[WhiteFideId "4128125"]
[BlackFideId "13604040"]
[WhiteElo "2469"]
[BlackElo "2335"]
[Result "1-0"]
[Round "05"]
[TimeControl "180+1"]
[Date "2022.03.22"]
[WhiteClock "0:01:00"]
[BlackClock "0:00:02"]

1. e4 c5 2. c3 e6 3. Nf3 d5 4. e5 d4 5. g3 Nc6 6. Bg2 Nge7 7. O-O Ng6 8. Re1 Qc7 9. Qe2 Be7 10. d3 O-O 11. h4 Rd8 12. h5 Nf8 13. c4 Rb8 14. Bf4 a6 15. Nbd2 b5 16. b3 bxc4 17. Nxc4 Nb4 18. Rac1 Nd5 19. Bd2 h6 20. Ba5 Qd7 21. Nfd2 Nc3 22. Bxc3 dxc3 23. Rxc3 Bb7 24. Ne4 Qd4 25. Rec1 Bxe4 26. Qxe4 f5 27. Qxd4 cxd4 28. R3c2 Bb4 29. f4 Bc3 30. Kf2 Nd7 31. Ke2 Nc5 32. Bh3 Rf8 33. Nd6 a5 34. Rxc3 dxc3 35. Rxc3 Na6 36. a3 Rb6 37. Kd2 Nb8 38. Bg2 Na6 39. d4 Kh7 40. Kc2 Rd8 41. Bf3 Rd7 42. g4 fxg4 43. Bxg4 Nc7 44. f5 Nd5 45. fxe6 Rdxd6 46. exd6 Rxd6 47. Bf5+ 1-0


[Site "https://www.chess.com"]

[Event "Titled Tuesday Blitz March 22 Late 2022"]
[White "Kostiukov, Alexandr"]
[Black "Levitskiy, Andrey"]
[WhiteFideId "14108100"]
[BlackFideId "14132885"]
[WhiteElo "2202"]
[BlackElo "2301"]
[Result "1-0"]
[Round "05"]
[TimeControl "180+1"]
[Date "2022.03.22"]
[WhiteClock "0:00:15"]
[BlackClock "0:00:09"]

1. g3 d5 2. Bg2 Nf6 3. d3 Bf5 4. Nc3 e6 5. e4 Bg6 6. e5 Nfd7 7. Qe2 Be7 8. Nf3 O-O 9. O-O c5 10. h4 Nc6 11. Bf4 Bh5 12. Rfe1 Nd4 13. Qd1 f6 14. exf6 Rxf6 15. Nxd4 Bxd1 16. Nxe6 Rxe6 17. Rxe6 Bxc2 18. Bxd5 Nb6 19. Rxb6+ Kh8 20. Rxb7 Bf6 21. Be4 Rc8 22. Re1 Bxd3 23. Bxd3 Qxd3 24. Bg5 Bxg5 25. hxg5 h6 26. gxh6 gxh6 27. Ree7 Rf8 28. Rh7+ Qxh7 29. Rxh7+ Kxh7 30. Ne4 Rb8 31. b3 Rb5 32. Nd6 Ra5 33. a4 Ra6 34. Nb5 Rb6 35. Nxa7 Rxb3 36. a5 Ra3 37. Nc6 c4 38. a6 Rxa6 39. Nb4 Rc6 40. Nxc6 c3 41. Nd4 Kg6 42. Nc2 Kf6 43. Kf1 Ke5 44. Ke2 Ke4 45. f3+ Kd5 46. Kd3 h5 47. Kxc3 h4 48. gxh4 Ke5 49. h5 Kf5 50. Kd3 Kg5 51. Ke3 Kxh5 52. f4 Kg4 53. Ke4 1-0


[Site "https://www.chess.com"]

[Event "Titled Tuesday Blitz March 22 Late 2022"]
[White "Kovanova, Baira"]
[Black "Gabrielian, Artur"]
[WhiteFideId "4164083"]
[BlackFideId "4131002"]
[WhiteElo "2190"]
[BlackElo "2440"]
[Result "0-1"]
[Round "05"]
[TimeControl "180+1"]
[Date "2022.03.22"]
[WhiteClock "0:00:13"]
[BlackClock "0:00:22"]

1. e4 c5 2. Nf3 d6 3. d4 cxd4 4. Nxd4 Nf6 5. Nc3 g6 6. Be3 Nc6 7. f3 h5 8. Qd2 Nxd4 9. Bxd4 Bh6 10. Be3 Bxe3 11. Qxe3 Qa5 12. Bc4 Be6 13. Bxe6 fxe6 14. O-O Rc8 15. Rfe1 e5 16. Rad1 Qc5 17. Rd2 Kf7 18. Nd5 Nxd5 19. exd5 b5 20. c3 a5 21. Rf2 Qxe3 22. Rxe3 g5 23. h4 Rc4 24. hxg5 Rg8 25. Re4 Rxg5 26. Rxc4 bxc4 27. f4 exf4 28. Rxf4+ Kg6 29. Rd4 Kf6 30. Kf2 Ke5 31. a4 Rg4 32. Rxg4 hxg4 33. Kg3 Kxd5 34. Kxg4 Ke4 35. Kh5 e5 36. g4 d5 37. g5 d4 38. cxd4 exd4 39. g6 d3 40. g7 d2 41. g8=Q d1=Q+ 0-1


[Site "https://www.chess.com"]

[Event "Titled Tuesday Blitz March 22 Late 2022"]
[White "Kozak, Adam"]
[Black "Pinheiro, Iung Alicio de O."]
[WhiteFideId "753246"]
[BlackFideId "2104350"]
[WhiteElo "2459"]
[BlackElo "2535"]
[Result "1-0"]
[Round "05"]
[TimeControl "180+1"]
[Date "2022.03.22"]
[WhiteClock "0:02:09"]
[BlackClock "0:00:04"]

1. e4 c5 2. c3 g6 3. d4 cxd4 4. cxd4 d5 5. e5 Bg7 6. Nc3 Nh6 7. h3 O-O 8. Nf3 Nc6 9. Be2 f6 10. exf6 exf6 11. O-O Nf5 12. b3 g5 13. Nxd5 Kh8 14. Ne3 Nfxd4 15. Bb2 f5 16. Nxd4 Nxd4 17. Bc4 b5 18. Bd5 Qb6 19. Bxa8 Be6 20. Bd5 Bd7 21. Nc2 Ne2+ 22. Qxe2 Bxb2 23. Rad1 Bf6 24. Ne3 f4 25. Ng4 1-0


[Site "https://www.chess.com"]

[Event "Titled Tuesday Blitz March 22 Late 2022"]
[White "Krstulovic, Alex"]
[Black "Aydin, Gulenay"]
[WhiteFideId "760056"]
[BlackFideId "34557431"]
[WhiteElo "2193"]
[BlackElo "1429"]
[Result "0-1"]
[Round "05"]
[TimeControl "180+1"]
[Date "2022.03.22"]
[WhiteClock "0:00:49"]
[BlackClock "0:01:03"]

1. e4 c5 2. Nf3 d6 3. d4 cxd4 4. Nxd4 Nf6 5. Nc3 g6 6. f3 Bg7 7. Be3 a6 8. Qd2 h5 9. Bc4 b5 10. Bb3 Bb7 11. O-O-O Nbd7 12. f4 Nxe4 13. Nxe4 Bxe4 14. Rhe1 Rc8 15. Bf2 Nc5 16. f5 gxf5 17. c3 Qa5 18. Qg5 Nxb3+ 19. axb3 Rxc3+ 20. Kd2 Rg3+ 0-1


[Site "https://www.chess.com"]

[Event "Titled Tuesday Blitz March 22 Late 2022"]
[White "Kujawski, Adam"]
[Black "Ladan, Nicholas"]
[WhiteFideId "1100920"]
[BlackFideId "30918855"]
[WhiteElo "2053"]
[BlackElo "2167"]
[Result "1-0"]
[Round "05"]
[TimeControl "180+1"]
[Date "2022.03.22"]
[WhiteClock "0:00:07"]
[BlackClock "0:00:08"]

1. e4 Nf6 2. e5 Nd5 3. d4 d6 4. Nf3 dxe5 5. Nxe5 c6 6. Be2 g6 7. c4 Nc7 8. O-O Bg7 9. Nc3 Nd7 10. Nf3 O-O 11. Be3 Re8 12. h3 e5 13. d5 e4 14. Nd4 cxd5 15. cxd5 Nb6 16. Ndb5 Nbxd5 17. Nxc7 Nxc7 18. Qxd8 Rxd8 19. Nxe4 Bf5 20. Bf3 Nd5 21. Bg5 f6 22. Bd2 Nb6 23. Bc3 Kf7 24. Rad1 Nc4 25. Nc5 Rxd1 26. Rxd1 Rc8 27. Nxb7 Be6 28. a3 Nxa3 29. Nd6+ Kg8 30. Nxc8 Nb5 31. Nd6 Nxd6 32. Rxd6 Kf7 33. Ra6 g5 34. Rxa7+ Kg6 35. Ra6 Bf5 36. g4 Bd3 37. Ra7 h6 38. Re7 h5 39. Be4+ Bxe4 40. Rxe4 hxg4 41. hxg4 Bf8 42. Rc4 Bg7 43. Kg2 f5 44. Rc6+ Bf6 45. Rxf6+ Kh7 46. Rxf5 Kh6 47. Rf6+ Kg7 48. f4 Kh7 49. Kf3 Kg7 50. fxg5 Kh7 51. Kf4 Kg7 52. Kf5 Kh7 53. Rf7+ Kg8 54. Rg7+ Kh8 55. Rb7+ Kg8 56. Kf6 Kf8 57. Rb8# 1-0


[Site "https://www.chess.com"]

[Event "Titled Tuesday Blitz March 22 Late 2022"]
[White "Liu, Leonardo"]
[Black "Seul, Georg"]
[WhiteFideId "30965780"]
[BlackFideId "4601653"]
[WhiteElo "2297"]
[BlackElo "2271"]
[Result "0-1"]
[Round "05"]
[TimeControl "180+1"]
[Date "2022.03.22"]
[WhiteClock "0:00:15"]
[BlackClock "0:00:05"]

1. e4 c6 2. Nc3 d5 3. Nf3 Bg4 4. h3 Bxf3 5. Qxf3 e6 6. Be2 d4 7. Nb1 Nd7 8. d3 Bd6 9. O-O Ne7 10. Bf4 Bxf4 11. Qxf4 e5 12. Qg3 Ng6 13. Nd2 O-O 14. Bg4 Nf6 15. Nc4 Qe7 16. a4 Nf4 17. a5 h5 18. Bf3 g6 19. Qh2 h4 20. g3 hxg3 21. fxg3 N4h5 22. Qf2 Kg7 23. Bg2 Rae8 24. c3 c5 25. b4 Rd8 26. cxd4 Rxd4 27. bxc5 Qxc5 28. Rfd1 Nxg3 29. Qxg3 Rxc4+ 30. Kh2 Rd4 31. Rdc1 Qd6 32. Bf1 Nh5 33. Qf3 Nf4 34. Rc3 Rd8 35. Rb1 Qe7 36. Rbc1 R8d7 37. Be2 Qd8 38. Rc8 Qxa5 39. R1c3 Qa2 40. Rc2 Qe6 41. R8c3 Rd8 42. Qe3 Rh8 43. Bf1 b6 44. Rc6 Qe7 45. Rc7 Qf6 46. R7c6 Qh4 47. R6c3 Rhd8 48. Ra2 R8d7 49. Rac2 Qg5 50. Rf2 Qf6 51. Bg2 a5 52. Bf3 a4 53. Be2 b5 54. Qc1 b4 55. Rc6 R7d6 56. Rc7 Qh4 57. Kg1 Qg3+ 58. Kf1 Nxh3 59. Bf3 Qxf2# 0-1


[Site "https://www.chess.com"]

[Event "Titled Tuesday Blitz March 22 Late 2022"]
[White "Luo, Terry"]
[Black "Mikhailov, Viacheslav"]
[WhiteFideId "30931045"]
[BlackFideId "4187369"]
[WhiteElo "2024"]
[BlackElo "2381"]
[Result "0-1"]
[Round "05"]
[TimeControl "180+1"]
[Date "2022.03.22"]
[WhiteClock "0:01:47"]
[BlackClock "0:00:35"]

1. d4 Nf6 2. c4 g6 3. Nc3 Bg7 4. e4 O-O 5. Nf3 d6 6. Be2 Bg4 7. O-O Nc6 8. d5 Bxf3 9. Bxf3 Ne5 10. Be2 c6 11. Be3 cxd5 12. cxd5 a6 13. a4 Qa5 14. Qb3 Rfc8 15. f3 Ned7 16. Rfc1 Nc5 17. Qa3 Ncd7 18. b4 Qd8 19. a5 h5 20. Na4 h4 21. Rxc8 Rxc8 22. Rc1 h3 23. g3 Ne5 24. Rxc8 Qxc8 25. Qc1 Qe8 26. Nb6 Kh7 27. Qc7 Nfd7 28. Qxb7 Nxb6 29. axb6 Qa4 30. Qxa6 Qxb4 31. b7 Qe1+ 32. Bf1 Qxe3+ 33. Kh1 Qxf3+ 34. Kg1 Qe3+ 35. Kh1 Qxe4+ 36. Kg1 Nf3+ 37. Kf2 Bd4# 0-1


[Site "https://www.chess.com"]